[Event "Frauenbundesliga 2021-22"]
[Site "Germany"]
[Date "2022.04.10"]
[Round "8.4"]
[White "Otikova, Elina"]
[Black "Heinemann, Josefine"]
[Result "0-1"]
[ECO "B92"]
[WhiteElo "2105"]
[BlackElo "2290"]
[Annotator "NA RC"]
[PlyCount "86"]
[EventDate "2021.11.26"]
[EventType "team-tourn"]
[EventCountry "GER"]
[SourceTitle "playchess.com"]
[Source "ChessBase"]
[SourceQuality "1"]
[WhiteTeam "LOE"]
[BlackTeam "BAD"]
[WhiteTeamCountry "LAT"]
[BlackTeamCountry "GER"]
[TimeControl "40/5400+30:1800+30"]

1. e4 c5 2. Nf3 d6 3. d4 cxd4 4. Nxd4 Nf6 5. Nc3 a6 6. Be2 e5 7. Nb3 Be7 8. O-O O-O 9. Re1 Be6 10. Bf1 Nbd7 11. h3 b5 12. Bg5 Qc7 13. Bxf6 Nxf6 14. Nd5 Bxd5 15. exd5 Rac8 16. c4 ({White should try} 16. c3 $11) 16... bxc4 17. Rc1 $15 Qb7 18. Bxc4 Bd8 19. Qe2 Ra8 20. Rc3 a5 21. a4 Qb4 22. Ra1 Bb6 23. Nc1 Bd4 24. Rb3 Qc5 25. Rb5 Bxf2+ 26. Kf1 Qd4 27. Qxf2 Qxc4+ 28. Qe2 Qf4+ 29. Qf2 Qg5 30. Nb3 Rfc8 31. Re1 Rc4 32. Kg1 h6 33. Nxa5 Rxa4 34. Nb7 Ne4 35. Rxe4 Rxe4 36. Nxd6 Rf4 37. Qe1 Rfa4 38. Qf2 Ra1+ 39. Kh2 Qf4+ 40. Qxf4 exf4 41. Nf5 Rf1 42. g3 Rf2+ 43. Kg1 Rd2 0-1

[Event "Frauenbundesliga 2021-22"]
[Site "Germany"]
[Date "2022.04.10"]
[Round "8.5"]
[White "Kachiani-Gersinska, Ketino"]
[Black "Naumann, Nadine"]
[Result "1/2-1/2"]
[ECO "E04"]
[WhiteElo "2295"]
[BlackElo "1960"]
[Annotator "NA RC"]
[PlyCount "58"]
[EventDate "2021.11.26"]
[EventType "team-tourn"]
[EventCountry "GER"]
[SourceTitle "playchess.com"]
[Source "ChessBase"]
[SourceQuality "1"]
[WhiteTeam "BAD"]
[BlackTeam "LOE"]
[WhiteTeamCountry "GER"]
[BlackTeamCountry "GER"]
[TimeControl "40/5400+30:1800+30"]

1. d4 d5 2. c4 e6 3. Nf3 Nf6 4. g3 dxc4 5. Bg2 c5 6. O-O Nc6 7. Ne5 Bd7 8. Na3 cxd4 9. Naxc4 Be7 10. Bf4 O-O 11. Qb3 Qc8 $14 12. Rac1 Nd5 13. Rfd1 Nxf4 14. gxf4 Rd8 15. Nxc6 Bxc6 16. Ne5 Qc7 17. Bxc6 bxc6 18. Rxc6 Qa5 19. Rxe6 Rab8 20. Qh3 Bf6 21. Nc6 Qxa2 22. Rxf6 gxf6 23. Rd3 Qb1+ 24. Kg2 Kh8 25. Nxb8 Rxb8 26. Rg3 Qe4+ 27. Kf1 Qb1+ 28. Kg2 Qe4+ 29. Kf1 Qb1+ 1/2-1/2

[Event "Frauenbundesliga 2021-22"]
[Site "Germany"]
[Date "2022.04.10"]
[Round "8.6"]
[White "Schuster, Rebekka"]
[Black "Tammert, Iamze"]
[Result "0-1"]
[ECO "B20"]
[WhiteElo "1840"]
[BlackElo "2299"]
[Annotator "NA RC"]
[PlyCount "80"]
[EventDate "2021.11.26"]
[EventType "team-tourn"]
[EventCountry "GER"]
[SourceTitle "playchess.com"]
[Source "ChessBase"]
[SourceQuality "1"]
[WhiteTeam "LOE"]
[BlackTeam "BAD"]
[WhiteTeamCountry "GER"]
[BlackTeamCountry "GER"]
[TimeControl "40/5400+30:1800+30"]

1. e4 c5 2. Nf3 Nf6 3. Nc3 d5 4. exd5 Nxd5 5. Nxd5 Qxd5 6. d4 cxd4 7. Qxd4 Qxd4 8. Nxd4 a6 9. Bf4 Bd7 10. O-O-O Nc6 11. Bg3 e6 $11 12. Be2 Nxd4 13. Rxd4 Bc6 14. f3 Bc5 15. Rdd1 Ke7 16. Rhe1 h6 17. Bc4 Rhd8 18. Bc7 Rxd1+ 19. Rxd1 Rc8 20. Bg3 Bxf3 21. Bxe6 Be3+ 22. Kb1 Rc6 23. gxf3 Rxe6 24. c4 g5 25. Kc2 Bc5 26. Re1 Rxe1 27. Bxe1 f5 28. Kd3 Ke6 29. Bc3 g4 30. fxg4 fxg4 31. Ke4 Bd6 32. Bd2 Bxh2 33. Bxh6 Be5 34. b4 g3 35. Kf3 b5 36. cxb5 axb5 37. Bd2 Kd5 38. Be1 Kc4 39. Bxg3 Bxg3 40. Kxg3 Kxb4 0-1

[Event "Frauenbundesliga 2021-22"]
[Site "Germany"]
[Date "2022.04.10"]
[Round "8.7"]
[White "Klek, Hanna Marie"]
[Black "Cyfka, Karina"]
[Result "1/2-1/2"]
[ECO "C43"]
[WhiteElo "2314"]
[BlackElo "2401"]
[Annotator "NA RC"]
[PlyCount "151"]
[EventDate "2021.11.26"]
[EventType "team-tourn"]
[EventCountry "GER"]
[SourceTitle "playchess.com"]
[Source "ChessBase"]
[SourceQuality "1"]
[WhiteTeam "DEI"]
[BlackTeam "LEI"]
[WhiteTeamCountry "GER"]
[BlackTeamCountry "POL"]
[TimeControl "40/5400+30:1800+30"]

1. e4 e5 2. Nf3 Nf6 3. d4 Nxe4 4. Bd3 d5 5. dxe5 Nc5 6. Be2 Be7 7. O-O O-O 8. Be3 Nc6 9. h3 a6 10. Qc1 Be6 11. Rd1 Qc8 12. Nc3 Rd8 $1 13. Bf1 Ne4 14. Ne2 $11 f6 15. exf6 Bxf6 16. c3 Bf7 17. Nf4 Kh8 18. Qc2 Ne5 19. Nxe5 Bxe5 20. Bd3 Nf6 21. Bf5 Qb8 22. Nd3 Bd6 23. Bd4 c6 24. Qd2 Bg8 25. Qg5 Rf8 26. Nc5 Bf4 27. Qh4 Be5 28. Re1 Bxd4 29. cxd4 Qc7 30. Nd3 Bf7 31. Ne5 Be8 32. Rac1 Nh5 33. g4 Qd8 34. Qxd8 Rxd8 35. Nd3 g6 36. gxh5 gxf5 37. Re7 f4 38. Rxb7 Bxh5 39. Ne5 Rb8 40. Rxb8 Rxb8 41. b3 Rg8+ 42. Kf1 Be8 43. Rc5 Kg7 44. Ra5 Kf6 45. Rxa6 Kf5 46. Ng4 Rg7 47. Ra8 Re7 48. f3 h5 49. Nf2 c5 50. Ra5 Kg5 51. Rxc5 Kh4 52. Rxd5 Ra7 53. a4 Rb7 54. Rd8 Bf7 55. Rf8 Bxb3 56. Kg2 Bxa4 57. Rxf4+ Kg5 58. Re4 h4 59. d5 Bc2 60. Rd4 Bf5 61. f4+ Kg6 62. d6 Bd7 63. Nd3 Kf5 64. Kf3 Bc6+ 65. Ke3 Rg7 66. Nf2 Rg3+ 67. Ke2 Bd7 68. Kd2 Rf3 69. Nd3 Rxh3 70. Nc5 Bc6 71. d7 Bxd7 72. Nxd7 Rf3 73. Ne5 Rxf4 74. Rxf4+ Kxf4 75. Ng6+ Kg3 76. Nxh4 1/2-1/2

[Event "Frauenbundesliga 2021-22"]
[Site "Germany"]
[Date "2022.04.10"]
[Round "8.8"]
[White "Kulon, Klaudia"]
[Black "Schleining, Zoya"]
[Result "1-0"]
[ECO "D00"]
[WhiteElo "2319"]
[BlackElo "2320"]
[Annotator "NA RC"]
[PlyCount "117"]
[EventDate "2021.11.26"]
[EventType "team-tourn"]
[EventCountry "GER"]
[SourceTitle "playchess.com"]
[Source "ChessBase"]
[SourceQuality "1"]
[WhiteTeam "LEI"]
[BlackTeam "DEI"]
[WhiteTeamCountry "POL"]
[BlackTeamCountry "GER"]
[TimeControl "40/5400+30:1800+30"]

1. d4 d5 2. Bf4 e6 3. Nc3 Bd6 4. Qd2 Nf6 5. f3 Bxf4 6. Qxf4 Qd6 7. Nh3 Nc6 8. O-O-O Qxf4+ 9. Nxf4 g5 10. Nh3 h6 11. Nf2 Bd7 12. h4 O-O-O 13. e4 $11 Rdg8 14. e5 Nh5 15. hxg5 hxg5 16. Bb5 Ne7 17. Bxd7+ Kxd7 18. Ng4 Ng3 19. Nf6+ Kd8 20. Nxg8 Nxh1 21. Nxe7 Kxe7 22. Ne2 g4 23. Kd2 Nf2 24. Rg1 gxf3 25. gxf3 Nh3 26. Rg3 Rh7 27. Ke3 f6 28. f4 fxe5 29. dxe5 Kf7 30. Kf3 Rh4 31. Rg2 Rh5 32. Kg3 Nxf4 33. Nxf4 Rxe5 34. Rh2 Re3+ 35. Kg4 Ke7 36. Re2 Rxe2 37. Nxe2 Kd6 38. Kf4 c5 39. Ng1 e5+ 40. Kf5 b5 41. Nf3 e4 42. Ng1 b4 43. Ne2 a5 44. b3 Kc6 45. Ke5 e3 46. Nf4 d4 47. Ne2 Kb6 48. Kd5 Kb5 49. Nc1 a4 50. Ne2 axb3 51. axb3 Kb6 52. Kc4 Kc6 53. Nc1 Kd6 54. Nd3 e2 55. Ne1 Kc6 56. Kd3 Kd5 57. Kxe2 c4 58. Nd3 cxd3+ 59. Kxd3 1-0

[Event "Frauenbundesliga 2021-22"]
[Site "Germany"]
[Date "2022.04.10"]
[Round "8.9"]
[White "Koepke, Elena"]
[Black "Hincu, Olga"]
[Result "1-0"]
[ECO "B13"]
[WhiteElo "2304"]
[BlackElo "2070"]
[Annotator "NA RC"]
[PlyCount "95"]
[EventDate "2021.11.26"]
[EventType "team-tourn"]
[EventCountry "GER"]
[SourceTitle "playchess.com"]
[Source "ChessBase"]
[SourceQuality "1"]
[WhiteTeam "DEI"]
[BlackTeam "LEI"]
[WhiteTeamCountry "GER"]
[BlackTeamCountry "MDA"]
[TimeControl "40/5400+30:1800+30"]

1. e4 c6 2. d4 d5 3. exd5 cxd5 4. c4 Nf6 5. Nc3 Nc6 6. Bg5 Be6 7. a3 g6 8. Bxf6 exf6 9. c5 Bh6 10. Be2 O-O 11. Bf3 f5 12. Nge2 g5 13. h3 $15 (13. g3 $1 $11) 13... Bg7 14. Qd3 Qd7 15. g3 Rfe8 16. Kf1 Rad8 17. b4 f4 18. g4 f5 19. Rg1 Ne7 20. Nb5 fxg4 21. hxg4 h5 22. Nd6 hxg4 23. Nxe8 Rxe8 24. Bh1 Bf5 25. Qb3 f3 26. Bxf3 gxf3 27. Qxf3 Bh3+ 28. Ke1 Nc6 29. Kd2 Nxd4 30. Nxd4 Bxd4 31. Rxg5+ Bg7 32. Rag1 Re7 33. Rxd5 Qe6 34. Qd3 Qh6+ 35. Kc2 Rf7 36. Rd8+ Rf8 37. Rxf8+ Kxf8 38. Rh1 Qf6 39. Rxh3 Qxf2+ 40. Kd1 Qg1+ 41. Ke2 Qg2+ 42. Ke1 Bf6 43. Rf3 Qh1+ 44. Rf1 Qh4+ 45. Kd1 Kg7 46. Rg1+ Bg5 47. Qd7+ Kh6 48. Qg4 1-0

[Event "Frauenbundesliga 2021-22"]
[Site "Germany"]
[Date "2022.04.10"]
[Round "8.10"]
[White "Schulz, Petra"]
[Black "Jelica, Mara"]
[Result "0-1"]
[ECO "C68"]
[WhiteElo "1991"]
[BlackElo "2085"]
[Annotator "NA RC"]
[PlyCount "88"]
[EventDate "2021.11.26"]
[EventType "team-tourn"]
[EventCountry "GER"]
[SourceTitle "playchess.com"]
[Source "ChessBase"]
[SourceQuality "1"]
[WhiteTeam "LEI"]
[BlackTeam "DEI"]
[WhiteTeamCountry "GER"]
[BlackTeamCountry "CRO"]
[TimeControl "40/5400+30:1800+30"]

1. e4 e5 2. Nf3 Nc6 3. Bb5 a6 4. Bxc6 dxc6 5. O-O Bg4 6. h3 h5 7. d3 Qf6 8. Nbd2 Bc5 9. Re1 Ne7 10. d4 {[%emt 0:05:30] [#]} Bxf3 (10... exd4 $1 $15 11. Qe2 (11. hxg4 hxg4 12. Nb3 gxf3 $17) 11... Bb6) 11. Nxf3 Bxd4 12. Bg5 Qd6 13. Bxe7 $11 Kxe7 14. Nxd4 exd4 15. Qf3 Rad8 16. e5 Qd5 17. Qg3 Kd7 18. e6+ fxe6 19. Qxg7+ Kc8 20. Qf6 Rde8 21. Re5 Qc4 22. Qg6 Rhg8 23. Qe4 h4 24. b3 Qc3 25. Re1 Qxh3 26. Rxe6 Qxe6 27. Qxe6+ Rxe6 28. Rxe6 c5 29. Rh6 Re8 30. Kf1 Re4 31. Rf6 b6 32. f3 Re3 33. Rh6 Rc3 34. Rxh4 Rxc2 35. g4 Kd7 36. g5 Ke6 37. Rf4 Rh2 38. Rf8 d3 39. Ke1 b5 40. f4 c4 41. bxc4 bxc4 42. Rf6+ Kd5 43. g6 c3 44. g7 d2+ 0-1

[Event "Frauenbundesliga 2021-22"]
[Site "Germany"]
[Date "2022.04.10"]
[Round "8.11"]
[White "Valkova, Angelika"]
[Black "Germann, Heike"]
[Result "1-0"]
[ECO "E71"]
[WhiteElo "2048"]
[BlackElo "1992"]
[Annotator "NA RC"]
[PlyCount "85"]
[EventDate "2021.11.26"]
[EventType "team-tourn"]
[EventCountry "GER"]
[SourceTitle "playchess.com"]
[Source "ChessBase"]
[SourceQuality "1"]
[WhiteTeam "DEI"]
[BlackTeam "LEI"]
[WhiteTeamCountry "UKR"]
[BlackTeamCountry "GER"]
[TimeControl "40/5400+30:1800+30"]

1. d4 Nf6 2. c4 g6 3. Nc3 Bg7 4. e4 d6 5. h3 O-O 6. Be3 e5 7. d5 Nbd7 8. g4 Nc5 9. f3 a5 10. Qd2 Ne8 11. h4 f5 12. gxf5 gxf5 13. O-O-O Kh8 14. Nge2 f4 15. Bf2 Nf6 16. Bh3 Bxh3 17. Rxh3 Qe7 18. Rh2 Rg8 $16 (18... b6 $142) 19. Ng1 Bh6 20. Nh3 Rg6 21. Bxc5 dxc5 22. d6 cxd6 23. Qxd6 Re8 24. Rhd2 Rg3 25. Ng1 Bf8 26. Qb6 Qg7 27. Nce2 Rg2 28. Qxa5 Qh6 29. Kb1 Qxh4 30. Rd8 Qh5 31. Qb6 Qf7 32. Qb5 Rg7 33. R8d3 Rg2 34. Rd8 Rg7 35. R8d3 Rg2 36. Nc3 Qg6 37. Nge2 Qf7 38. Rd8 Rf2 39. Rxe8 Nxe8 40. Rd7 Qg6 41. Rd8 Nf6 42. Rxf8+ Kg7 43. Qxc5 1-0

[Event "Frauenbundesliga 2021-22"]
[Site "Germany"]
[Date "2022.04.10"]
[Round "8.12"]
[White "Just, Anita"]
[Black "Noppes, Marina"]
[Result "1-0"]
[ECO "B28"]
[WhiteElo "1895"]
[BlackElo "1936"]
[Annotator "NA RC"]
[PlyCount "91"]
[EventDate "2021.11.26"]
[EventType "team-tourn"]
[EventCountry "GER"]
[SourceTitle "playchess.com"]
[Source "ChessBase"]
[SourceQuality "1"]
[WhiteTeam "LEI"]
[BlackTeam "DEI"]
[WhiteTeamCountry "GER"]
[BlackTeamCountry "GER"]
[TimeControl "40/5400+30:1800+30"]

1. e4 c5 2. Nf3 a6 3. c4 Nc6 4. d4 cxd4 5. Nxd4 Nf6 6. Nc3 Qa5 7. Nb3 Qc7 8. f3 e6 9. Be3 b6 10. Qd2 Bb4 11. Be2 O-O 12. O-O $14 d5 13. cxd5 exd5 14. Bf4 Qe7 15. Nxd5 Nxd5 16. Qxd5 Bb7 17. Bg5 Qc7 18. Rfd1 Ne5 19. Qd4 a5 20. Rac1 Nc6 21. Qd7 Rac8 22. a3 Bc5+ 23. Nxc5 bxc5 24. Qxc7 Rxc7 25. Rxc5 Rfc8 26. Bb5 f6 27. Bc4+ Kf8 28. Bf4 Ne5 29. Bxe5 Rxc5 30. Bd6+ Ke8 31. Bxc5 Rxc5 32. Bg8 h6 33. Rd2 Ke7 34. Kf2 Rh5 35. h3 Re5 36. Ke3 g5 37. Bd5 Ba6 38. Rc2 Bf1 39. Kf2 Bd3 40. Rc3 Bb1 41. Rc7+ Kd8 42. Ra7 f5 43. Ke3 fxe4 44. fxe4 Bc2 45. Kd4 Re7 46. Rxa5 1-0

[Event "Frauenbundesliga 2021-22"]
[Site "Germany"]
[Date "2022.05.25"]
[Round "9.1"]
[White "Osmak, Yuliia"]
[Black "Saduakassova, Dinara"]
[Result "1/2-1/2"]
[ECO "E20"]
[WhiteElo "2428"]
[BlackElo "2446"]
[Annotator "TA"]
[PlyCount "39"]
[EventDate "2021.11.26"]
[EventType "team-tourn"]
[EventCountry "GER"]
[SourceTitle "playchess.com"]
[Source "ChessBase"]
[SourceQuality "1"]
[WhiteTeam "Bad Koenigshofen"]
[BlackTeam "Schwaebisch Hall"]
[BlackTeamCountry "KAZ"]
[TimeControl "40/5400+30:1800+30"]

1. d4 Nf6 2. c4 e6 3. Nc3 Bb4 4. f3 c5 5. d5 O-O 6. e4 d6 7. Nge2 b5 8. Nf4 {[%emt 0:00:35] E20: Nimzo-Indian: 4 g3 and 4 f3.} ({Much worse is} 8. cxb5 exd5 9. exd5 Nbd7 $15) 8... exd5 9. Nfxd5 Nxd5 10. Qxd5 {[%emt 0:00:06] The position is equal.} Qb6 11. Bf4 ({Of course not} 11. Qxa8 Bb7 12. Qxb7 Qxb7 13. cxb5 d5 $17) 11... Be6 12. Qxd6 bxc4 {[%emt 0:01:44] [#]} 13. Kf2 $146 ({Predecessor:} 13. Qd2 Nc6 14. Kf2 Rad8 15. Qc1 Nd4 16. Nd5 Bxd5 17. exd5 Rxd5 18. Bxc4 Rf5 19. Rd1 {0-1 (31) Huber,B (2271)-Delgado Ramirez,N (2596) Tegernsee 2021}) 13... Bxc3 14. bxc3 Rd8 15. Qc7 Rd7 16. Qc8+ Rd8 17. Qc7 Rd7 18. Qc8+ Rd8 19. Qc7 Rd7 20. Qc8+ {[%emt 0:02:16] Weighted Error Value: White=0.10 (very precise) /Black=0.02 (flawless)} 1/2-1/2

[Event "Frauenbundesliga 2021-22"]
[Site "Germany"]
[Date "2022.05.25"]
[Round "9.2"]
[White "Kashlinskaya, Alina"]
[Black "Schneider, Jana"]
[Result "1-0"]
[ECO "D36"]
[WhiteElo "2498"]
[BlackElo "2303"]
[Annotator "TA"]
[PlyCount "63"]
[EventDate "2021.11.26"]
[EventType "team-tourn"]
[EventCountry "GER"]
[SourceTitle "playchess.com"]
[Source "ChessBase"]
[SourceQuality "1"]
[WhiteTeam "Schwaebisch Hall"]
[BlackTeam "Bad Koenigshofen"]
[BlackTeamCountry "GER"]
[TimeControl "40/5400+30:1800+30"]

1. d4 d5 2. c4 e6 3. Nc3 Nf6 4. cxd5 exd5 5. Bg5 Be7 6. e3 O-O 7. Bd3 h6 8. Bh4 Re8 9. Nge2 Nbd7 10. O-O c6 11. Qc2 Nh5 12. Bxe7 {[%emt 0:01:48] D36: Queen's Gambit Declined: Exchange Variation: Main line (5 Bg5 c6 6 Qc2).} Qxe7 13. Rae1 Nf8 (13... a5 {feels hotter.} 14. Na4 Qd6 15. Rc1 b5) 14. Nc1 {[%emt 0:01:27] [#] The position is equal.} g6 $146 (14... b6 {with more complications.} 15. e4 Nf4 16. Re3 Qg5) ({Predecessor:} 14... Bd7 15. f3 Rad8 16. Qf2 Bc8 17. a3 Nf6 18. b4 a5 19. Qb2 axb4 20. axb4 b5 {1-0 (66) Jumabayev,R (2631)-Salem,A (2690) Warsaw 2021}) 15. f3 Qf6 16. Qf2 Ne6 17. Kh1 Rd8 (17... Nhg7 $14) 18. f4 (18. g4 $142 Nhg7 19. f4) 18... Nhg7 {[%emt 0:04:39] [#]} 19. g4 $1 {[%emt 0:02:43][%cal Bg2g4,Bg4f5][%mdl 32] White is more active.} b6 (19... h5 $16) 20. N1e2 $18 {[%emt 0:08:31] Black must now prevent e4.} c5 21. f5 gxf5 22. gxf5 Nc7 (22... Ng5 {was necessary.} 23. Qg2 cxd4) 23. Rg1 Kh8 24. Rg2 Ba6 (24... c4 $2 25. Bc2 $18) 25. Bxa6 Nxa6 26. Reg1 Rg8 (26... Nxf5 $142 27. Rf1 Nb4 28. Qxf5 Qxf5 29. Rxf5 Rg8 30. Rxf7 Nd3 31. Nxd5 Rgf8) 27. Nxd5 Qxf5 {[%emt 0:00:49] [#]} 28. Qh4 $1 {[%emt 0:01:25] White mates.} Nh5 (28... Qh5 29. Qf6) 29. Rxg8+ Rxg8 30. Rxg8+ Kh7 {[%emt 0:00:21] [#]} 31. Qxh5 $3 Qxh5 (31... Qb1+ 32. Rg1) 32. Nf6# {[%emt 0:00:04] White took control after the opening.  Weighted Error Value: White=0.05 (flawless) /Black=0.77} 1-0

[Event "Frauenbundesliga 2021-22"]
[Site "Germany"]
[Date "2022.05.25"]
[Round "9.3"]
[White "Melamed, Tatjana"]
[Black "Batsiashvili, Nino"]
[Result "1-0"]
[ECO "C78"]
[WhiteElo "2353"]
[BlackElo "2463"]
[Annotator "TA"]
[PlyCount "101"]
[EventDate "2021.11.26"]
[EventType "team-tourn"]
[EventCountry "GER"]
[SourceTitle "playchess.com"]
[Source "ChessBase"]
[SourceQuality "1"]
[WhiteTeam "Bad Koenigshofen"]
[BlackTeam "Schwaebisch Hall"]
[WhiteTeamCountry "GER"]
[BlackTeamCountry "GEO"]
[TimeControl "40/5400+30:1800+30"]

1. e4 e5 2. Nf3 Nc6 3. Bb5 a6 4. Ba4 Nf6 5. O-O b5 6. Bb3 Bc5 7. a4 Rb8 8. c3 d6 9. d4 Bb6 10. a5 {[%emt 0:02:31] C78: Ruy Lopez: Archangelsk and Möller Defences.} Ba7 (10... Nxa5 11. Rxa5 Bxa5 12. dxe5 $14) (10... Bxa5 $2 11. dxe5 (11. d5 Ne7 $18) 11... dxe5 12. Qxd8+ Kxd8 13. Bd5 (13. Bxf7 Bb6 $16) 13... Nxd5 14. exd5 $18) 11. h3 Bb7 12. Be3 {[%emt 0:03:35] Threatens to win with d5. White has an edge.} Nxe4 13. Re1 (13. d5 {is more complex.} Bxe3 14. dxc6 Nxf2 15. Qe2) 13... exd4 14. cxd4 d5 15. Nc3 {[%emt 0:05:58] Strongly threatening Nxe4.} Ne7 16. Nxe4 dxe4 17. Ng5 Bd5 {[%emt 0:05:20] [#]} 18. Nxe4 $1 O-O (18... Bxe4 19. Qg4 Bd5 20. Bg5 $17) 19. Bg5 {[%emt 0:08:39] Hoping for Bxd5.} f6 ({Black should play} 19... Bxb3 $11 20. Qxb3 h6 21. Bxe7 Qxe7) 20. Bf4 $14 {[%emt 0:10:39] [#]} Bxb3 $146 ({Predecessor:} 20... Rf7 21. Rc1 Rc8 22. Bd6 cxd6 23. Rxc8 Qxc8 24. Bxd5 Nxd5 25. Nxd6 Qd7 26. Nxf7 Kxf7 {½-½ (59) Ragger,M (2668)-Andersen,M (2575) Terme Catez 2021}) 21. Qxb3+ Qd5 22. Qf3 (22. Qa3 $14 b4 23. Qd3) 22... Rbc8 23. Rad1 Kh8 {[%emt 0:09:08] [#]} (23... f5 $14 24. Nf6+ Rxf6 25. Rxe7 Qxf3 26. gxf3 Kf8 27. Rxc7 Rxc7 28. Bxc7 Rc6) 24. Nd6 $1 $16 cxd6 (24... Qxf3 25. gxf3) 25. Rxe7 Qxf3 26. gxf3 Bb8 27. Rde1 {[%emt 0:06:24] White is much more active.} Rc4 28. Rf7 $40 {[%emt 0:03:30][%mdl 128] White attacks with force.} Kg8 {[%emt 0:00:36] Black cannot hold the game after this.} (28... Rg8 $16) 29. Rd7 {[%emt 0:01:43] Black must now prevent Ree7.} Rc7 {[%emt 0:02:43] [#]} 30. Rxc7 ({Worse is} 30. Rxd6 Ra7 31. Bg3 Bxd6 32. Bxd6 Rd8 $17) 30... Bxc7 $18 {[%emt 0:00:02][%mdl 4096] Endgame KRB-KRB} 31. b4 g5 32. Rc1 Bb8 (32... gxf4 $142 33. Rxc7 d5) 33. Be3 f5 34. Rc6 ({Not} 34. Bxg5 Kf7 $18) 34... f4 35. Bd2 Kf7 36. Rxa6 d5 $2 (36... Bc7 37. h4 h6) 37. Rb6 Rc8 38. Rxb5 Ke6 39. Rb6+ Kd7 40. b5 Bd6 41. a6 Rc7 {[%emt 0:30:33] [#]} 42. Kf1 (42. Rxd6+ $142 $1 Kxd6 43. b6) 42... Ra7 43. Ke2 h5 44. Kd3 Kc7 45. Ba5 {[%emt 0:00:49] Intending Rb7+ and mate.} Kd7 46. Rc6 Ra8 47. Bb6 Rb8 48. Bc5 Bc7 49. a7 {[%emt 0:00:00] White mates.} Ra8 50. Rg6 Kc8 51. b6 {[%emt 0:00:00] Weighted Error Value: White=0.10 (very precise) /Black=0.32} (51. Rg7 $142 Ba5 52. b6 Bxb6 53. Bxb6 Rxa7 54. Rxa7 Kb8 55. Re7 g4 56. hxg4) 1-0

[Event "Frauenbundesliga 2021-22"]
[Site "Germany"]
[Date "2022.05.25"]
[Round "9.4"]
[White "Javakhishvili, Lela"]
[Black "Savina, Anastasia"]
[Result "1/2-1/2"]
[ECO "E60"]
[WhiteElo "2480"]
[BlackElo "2348"]
[Annotator "TA"]
[PlyCount "82"]
[EventDate "2021.11.26"]
[EventType "team-tourn"]
[EventCountry "GER"]
[SourceTitle "playchess.com"]
[Source "ChessBase"]
[SourceQuality "1"]
[WhiteTeam "Schwaebisch Hall"]
[BlackTeam "Bad Koenigshofen"]
[WhiteTeamCountry "GEO"]
[TimeControl "40/5400+30:1800+30"]

1. d4 Nf6 2. c4 g6 3. g3 c5 4. dxc5 Bg7 5. Nc3 Na6 6. Bg2 {[%emt 0:01:49] E60: King's Indian: Unusual lines and Fianchetto Variation without Nc3.} Nxc5 7. Nh3 h5 {[%emt 0:09:59] [#]} 8. Ng5 $146 {[%emt 0:15:31] White is slightly better.} ({Predecessor:} 8. Nf4 h4 9. Be3 Qa5 10. Bd2 Qd8 11. b4 g5 12. Nh3 g4 13. bxc5 gxh3 14. Bf3 {0-1 (45) Bajramovic,H (2250)-Rajkovic,D (2449) Zenica 2003}) 8... d6 9. Be3 {[%emt 0:09:21] [#] Hoping for Bxc5.} Qa5 10. h3 Ne6 11. Nxe6 Bxe6 12. Bxb7 Rb8 13. Bc6+ Bd7 14. Bxd7+ Nxd7 15. O-O Rxb2 16. Nd5 e6 17. Nf4 ({But not} 17. Bd4 Rd2 18. Bxg7 Rxd1 19. Rfxd1 Rg8 20. Nf6+ Nxf6 21. Bxf6 Qf5 $17) 17... Rb7 18. Rc1 Qa6 19. Qd3 ({White should play} 19. c5 $11 dxc5 20. Qd3 (20. Bxc5 Nxc5 21. Rxc5 O-O $11) 20... Qxd3 21. Nxd3) 19... Nc5 (19... Ne5 $1 $15 20. Qe4 O-O) 20. Bxc5 $11 dxc5 21. Qe4 O-O 22. Nd3 Rc8 23. Rb1 Rb6 24. Rxb6 axb6 25. Rb1 Bd4 (25... Qxa2 26. Rxb6 Rc7 27. Kg2 $14) 26. Rb5 Qxa2 27. Rxb6 Qa1+ (27... Qxc4 $2 28. e3 $18) 28. Kg2 {[%emt 0:00:38][%cal Bg1g2,Bg2f3,Bf3e4][%mdl 32] aiming for e3.} Rc7 29. Rb8+ Kg7 $1 30. Nf4 {[%emt 0:04:12][%cal Of4h5] [#] Nxh5+! is the strong threat.} Be5 ({Resist} 30... Qe1 31. e3 Bf6 32. Rb7 Rxb7 33. Qxb7 $16) 31. Ra8 Qd4 32. Kf3 Bxf4 {[%emt 0:00:32] The position is equal.} 33. Qxf4 {[%emt 0:00:40] Really sharp!} e5 34. Qxd4 cxd4 {[%emt 0:00:03][%mdl 4096] Endgame KR-KR} 35. Ra5 Kf6 36. Ke4 {[%emt 0:01:06] And now c5 would win.} Rxc4 37. Ra6+ Kg7 38. Kxe5 Rc2 39. Kxd4 Rxe2 40. f4 Rh2 41. h4 Re2 {[%emt 0:06:06] Weighted Error Value: White=0.10 (very precise) /Black=0.07 (flawless)} 1/2-1/2

[Event "Frauenbundesliga 2021-22"]
[Site "Germany"]
[Date "2022.05.25"]
[Round "9.5"]
[White "Belenkaya, Dina"]
[Black "Arabidze, Meri"]
[Result "0-1"]
[ECO "B30"]
[WhiteElo "2254"]
[BlackElo "2436"]
[Annotator "TA"]
[PlyCount "90"]
[EventDate "2021.11.26"]
[EventType "team-tourn"]
[EventCountry "GER"]
[SourceTitle "playchess.com"]
[Source "ChessBase"]
[SourceQuality "1"]
[WhiteTeam "Bad Koenigshofen"]
[BlackTeam "Schwaebisch Hall"]
[WhiteTeamCountry "ISR"]
[BlackTeamCountry "GEO"]
[TimeControl "40/5400+30:1800+30"]

1. e4 c5 2. Nf3 e6 3. g3 Nc6 4. Bg2 Nf6 5. d3 d6 6. O-O Be7 7. c3 O-O 8. Re1 Bd7 9. d4 cxd4 {[%emt 0:00:25] B30: Sicilian: 2...Nc6 3 Bb5, lines without ...g6.} 10. cxd4 d5 11. e5 Ne4 {[%emt 0:00:03] The position is equal.} 12. Nbd2 Nxd2 13. Bxd2 Qb6 14. Bc3 a5 {[%emt 0:00:12] [#]} 15. a4 $146 ({Predecessor:} 15. Bf1 a4 16. a3 Na5 17. Bd3 Nb3 18. Rb1 Bb5 19. Bc2 Bc4 20. Nd2 Nxd2 21. Qxd2 {½-½ (60) Bailet,P (2520)-Terrieux,K (2448) Playchess.com INT 2021}) 15... Rfc8 16. Bf1 Nb4 17. Re3 Qd8 18. Ne1 Qe8 19. f4 b5 20. axb5 Bxb5 21. Bh3 Ra6 22. g4 (22. f5 $14) 22... Bc4 $11 23. Bg2 a4 24. Rh3 $1 Qb5 (24... g6 $5 ) 25. Qf3 $2 {[%emt 0:10:11] [#] This costs White the game.} (25. f5 $11) 25... Na2 $1 $19 {[%emt 0:03:50] ...a3 is the strong threat.} 26. f5 (26. Bf1 $142 Nxc3 27. Bxc4 Qxb2 28. Qxc3 Qxc3 29. Rxc3 dxc4 30. Kf2) 26... Nxc3 27. Qxc3 Rb8 28. f6 {[%emt 0:03:36] Threatens to win with Qc2.} Bf8 29. fxg7 Bxg7 30. Qc2 Qxb2 31. Qxh7+ $2 (31. Qxb2 Rxb2 32. Rha3) 31... Kf8 32. Nc2 Rb3 33. Qh4 {[%emt 0:00:22][%cal Rh4d8] [#]} Ke8 {[%emt 0:02:29] Against Qd8+} 34. Qg5 (34. Qh7 $142 Kf8 35. Qh4) 34... Rxh3 35. Bxh3 Bf8 {[%emt 0:04:11] A strong pair of Bishops.} 36. Rc1 (36. Qc1 $142 a3 37. Bf1 Bxf1 38. Qxb2 axb2 39. Rb1) 36... a3 {[%emt 0:01:17] And now ...a2 would win.} 37. Qe3 a2 38. Bf1 a1=Q {[%emt 0:01:36] Black mates.} 39. Nxa1 Rxa1 40. Rxa1 Qxa1 41. Qf2 Bxf1 42. Qxf1 Qxd4+ 43. Kh1 Qe4+ 44. Qg2 Qxg2+ 45. Kxg2 Bg7 {[%emt 0:00:03] Weighted Error Value: White=0.94/Black=0.37} 0-1